 Dungeon Crawl Stone Soup version 0.29.1-1-gd02db6906a (webtiles) character file.

Game seed: 778634255233715771

100997 concernfroge the Basher (level 15, -4/115 HPs)
             Began as a Mummy Monk on Sept 18, 2022.
             Was an Initiate of Gozag.
             Killed from afar by a sun moth (7 damage)
             ... with a sticky flame
             ... on level 2 of the Lair of Beasts.
             The game lasted 01:56:09 (42362 turns).

concernfroge the Basher (Mummy Monk)               Turns: 42362, Time: 01:56:10

Health: -4/115     AC: 20    Str: 22    XL:     15   Next: 82%
Magic:  15/15      EV: 10    Int: 10    God:    Gozag
Gold:   295        SH: 10    Dex: 14    Spells: 14/14 levels left

rFire   . . .      SeeInvis .   f - +2 morningstar (protect)
rCold   + . .      Faith    .   j - +0 kite shield
rNeg    + + +      Spirit   .   k - +2 chain mail {Will+}
rPois   ∞          Reflect  .   d - +1 helmet
rElec   .          Harm     .   D - scarf {shadows}
rCorr   .          Rampage  .   q - +1 pair of gloves
Will    ++...                   h - +1 pair of boots
Stlth   ..........              A - amulet of regeneration
HPRegen 1.09/turn               i - ring of protection from fire
MPRegen 0.14/turn               r - +4 ring of protection

@: on fire, glowing
A: cold resistance 1, negative energy resistance 3, torment resistance 2, heat
vulnerability 1, in touch with death 2, no potions
a: Renounce Religion, Potion Petition, Call Merchant, Bribe Branch


You were on level 2 of the Lair of Beasts.
You worshipped Gozag.
Gozag was aware of your devotion.
You visited 6 branches of the dungeon, and saw 27 of its levels.

You collected 7615 gold pieces.
You spent 488 gold pieces at shops.
You paid 6832 gold pieces to Gozag.

Inventory:

Hand Weapons
 a - a +4 dire flail of protection
 b - a +0 triple crossbow of venom
 f - a +2 morningstar of protection (weapon)
Missiles
 g - 23 poisoned darts (quivered)
 n - a boomerang
 w - 2 javelins
Armour
 d - a +1 helmet (worn)
 h - a +1 pair of boots (worn)
 j - a +0 kite shield (worn)
 k - a +2 chain mail of willpower (worn)
 q - a +1 pair of gloves (worn)
 u - a +1 scale mail of fire resistance
 D - a scarf of shadows (worn)
Jewellery
 i - a ring of protection from fire (left hand)
 r - a +4 ring of protection (right hand)
 t - a +6 ring of dexterity
 v - the ring of Beqoaf {*Corrode rN+ Int+7 SInv}
   (You found it on level 2 of the Lair of Beasts)

   [ring of see invisible]

   Int:       It affects your intelligence (+7).
   rN:        It protects you from negative energy.
   SInv:      It lets you see invisible.
   *Corrode:  It may corrode you when you take damage.
 A - an amulet of regeneration (around neck)
Wands
 c - a wand of mindburst (13)
Scrolls
 e - 6 scrolls of amnesia
 l - 7 scrolls of noise
 m - a scroll of fog
 o - a scroll of silence
 p - a scroll of immolation
 z - a scroll of magic mapping
 C - a scroll of vulnerability
Miscellaneous
 y - a lightning rod (1/4)


   Skills:
 - Level 10.0 Fighting
 - Level 14.0 Maces & Flails
 - Level 2.4 Polearms
 - Level 10.0 Ranged Weapons
 - Level 7.4 Throwing
 - Level 10.0 Dodging
 - Level 1.5 Stealth
 + Level 7.1 Shields
 - Level 7.4 Evocations


You had 14 spell levels left.
You didn't know any spells.
Your spell library contained the following spells:

 Spells                   Type           Power      Damage    Failure   Level
 Foxfire                  Conj/Fire      0%         2x1d4     100%        1
 Freeze                   Ice            0%         1d3       100%        1
 Summon Small Mammal      Summ           0%         N/A       100%        1
 Blink                    Tloc           0%         N/A       100%        2
 Call Canine Familiar     Summ           0%         N/A       100%        3
 Conjure Flame            Conj/Fire      0%         6-21      100%        3
 Frozen Ramparts          Ice            0%         1d1       100%        3
 Inner Flame              Hex/Fire       0%         N/A       100%        3
 Lesser Beckoning         Tloc           0%         N/A       100%        3
 Summon Guardian Golem    Hex/Summ       0%         N/A       100%        3
 Flame Wave               Conj/Fire      0%         2d4       100%        4
 Hailstorm                Conj/Ice       0%         3d3       100%        4
 Manifold Assault         Tloc           0%         N/A       100%        5
 Summon Hydra             Summ           0%         N/A       100%        7
 Sublimation of Blood     Necr           Unusable   N/A       N/A         2
 Wereblood                Tmut           Unusable   N/A       N/A         2

Dungeon Overview and Level Annotations

Branches:
Dungeon (15/15)            Temple (1/1) D:7            Lair (5/5) D:11
  Swamp (3/4) Lair:2       Spider (1/4) Lair:2        Slime (0/5) Lair:5
    Orc (2/2) D:12            Elf (0/3) Orc:2        Vaults (0/5) D:13
 Depths (0/4) D:15

Altars:
Ashenzari
Cheibriados
Dithmenos
Fedhas
Gozag
Hepliaklqana
Kikubaaqudgha
Makhleb
Nemelex Xobeh
Okawaru
Qazlal
Ru
Sif Muna
Uskayaw
Vehumet
Wu Jian
Xom
Yredelemnul
Jiyva

Shops:
D:8 (   D:11 *   Orc:2 (([*

Annotations:
D:13 Frances
Swamp:2 exclusion: 2 downstairs
Swamp:3 Aizul, Bai Suzhen


Innate Abilities, Weirdness & Mutations

You are immune to poison.
Your flesh is cold resistant. (rC+)
You are immune to negative energy. (rN+++)
You are immune to unholy pain and torment.
You are vulnerable to heat. (rF-)
You are strongly in touch with the powers of death.
You do not drink.


Message History

There is a web here.
You disentangle yourself.
You are covered in liquid flames!
The sun moth bites you!
You are covered in liquid flames.
You are covered in liquid flames!
The emperor scorpion stings you but does no damage.
The emperor scorpion claws you but does no damage. x2
You are covered in liquid flames!
* * * LOW HITPOINT WARNING * * *
You block the sun moth's attack.
You are covered in liquid flames!
* * * LOW HITPOINT WARNING * * *
The sun moth throws sticky fire at you. The sticky flame hits you.
You are covered in liquid flames!
* * * LOW HITPOINT WARNING * * *
Aiming: Polymorph
Press: ? - help, Shift-Dir - straight line, f - emperor scorpion
Aim: an emperor scorpion (haloed, will become a great orb of eyes, a broodmother, or a ghost moth, chance to affect: 32%)
The emperor scorpion evaporates and reforms as a great orb of eyes!
The now-empty wand crumbles to dust.
You are covered in liquid flames!
* * * LOW HITPOINT WARNING * * *
You block the great orb of eyes's attack.
The sun moth throws energy at you. The bolt of energy hits you!
* * * LOW HITPOINT WARNING * * *
Aiming: Quicksilver Bolt
Press: ? - help, Shift-Dir - straight line, f - sun moth, p - great orb of eyes
Aim: a sun moth (water, heavily wounded, very poisoned, haloed, 77% to hit)
The bolt of dispelling energy hits the sun moth!!
The sun moth is severely wounded.
The now-empty wand crumbles to dust.
You are covered in liquid flames!
* * * LOW HITPOINT WARNING * * *
The sun moth throws sticky fire at you. The sticky flame hits you!
You are covered in liquid flames!
You die...
Your body crumbles into a pile of gold.

..#...##..#......## #...#.#.....
....#.###......#########.#...#.#.
....)##.......##..#^#^.#.........
......#......#^.#.#^.^..##.......
#............#....#.^....#.......
...............#.......#.........
..............##..#...^#.........
#.............^#..#.#..#.........
##...##......###@≈.###.###.......
.#............##Gy≈≈≈≈^^###.####.
####.........###^≈..^≈..# ####...
####........<.#..'.>.'.## ###.
.....##.......##.#####^# ##
#######.......#### ### #.
##.##.### ## ####.# ###


You could see a sun moth (very poisoned) and a great orb of eyes.

Vanquished Creatures
  A fenstrider witch (Swamp:1)
  A spark wasp (Lair:2)
  Snorg (D:10)
  Josephine (Swamp:1)
  7 vault guards
  A centaur warrior (D:15)
  2 catoblepae
  10 hydras
  3 two-headed ogres
  A boulder beetle (D:15)
  5 death yaks (Lair:5)
  4 alligators
  3 orc high priests (Orc:2)
  8 skeletal warriors
  5 goliath frogs
  A death drake (Orc:1)
  2 bog bodies (Swamp:1)
  2 spriggan druids (Swamp:2)
  An orb spider (Lair:2)
  A glowing orange brain (D:15)
  Pikel (D:5)
  A wolf spider (D:15)
  5 orc knights
  16 ugly things
  2 harpies
  2 deep elf pyromancers
  A faun (D:12)
  4 orc sorcerers
  4 will-o-the-wisps
  A salamander (Orc:2)
  An oklob plant (Orc:2)
  4 cyclopes
  An eye of devastation (D:13)
  5 black mambas
  16 elephants
  2 gargoyles
  A torpor snail (Lair:2)
  3 rime drakes
  9 cane toads
  7 komodo dragons
  3 polar bears (Lair:5)
  4 trolls
  14 hornets
  Grinder (D:5)
  A tarantella (Lair:2)
  8 tyrant leeches
  7 slime creatures
  11 blink frogs
  22 spriggans
  A culicivora (shapeshifter) (D:14)
  Sigmund (D:5)
  6 wraiths
  20 yaks
  7 wyverns
  A shadow (D:12)
  A yak (shapeshifter) (D:15)
  Grum (D:11)
  2 basilisks
  A steam dragon (D:9)
  4 swamp worms
  13 vampire mosquitoes
  2 wargs
  2 acid dragons
  22 water moccasins
  2 swamp drakes (Swamp:1)
  A sky beast (D:7)
  5 black bears
  27 orc warriors
  An ice beast (D:5)
  3 ogres
  3 boggarts (Lair:5)
  29 wolves
  2 lemures (D:5)
  12 centaurs
  A phantom (D:5)
  3 kobold brigands
  13 bullfrogs
  A scorpion (D:6)
  A troll zombie (D:12)
  9 killer bees
  2 howler monkeys (D:8)
  7 electric eels
  2 hounds
  4 jellies
  13 orc priests
  3 iguanas
  A gnoll bouda (Lair:1)
  23 orc wizards
  6 hell rats
  4 ogre zombies (D:12)
  Robin (D:4)
  4 gnolls
  9 adders
  4 river rats
  3 shadow imps
  4 white imps
  3 ufetubi (D:6)
  4 worms (D:5)
  4 dart slugs
  83 orcs
  6 ball pythons
  4 endoplasms
  3 giant cockroaches
  17 goblins
  10 hobgoblins
  7 jackals (D:3)
  4 quokkas
  6 bats (D:1)
  2 frilled lizards (D:3)
  A goblin zombie (D:12)
  A hobgoblin skeleton (D:12)
  2 hobgoblin zombies (D:12)
  16 kobolds
  3 orc skeletons (D:12)
  11 orc zombies (D:12)
  9 rats
  A spectral orc (D:12)
701 creatures vanquished.

Vanquished Creatures (collateral kills)
  A vault guard (D:13)
  A slime creature (D:12)
  A shadow (D:12)
  2 yaks (D:8)
  A wyvern (D:12)
  An electric eel (D:13)
  An ogre zombie (D:12)
  An orc zombie (D:12)
9 creatures vanquished.

Vanquished Creatures (others)
  An ugly thing (D:14)
  A manticore (D:12)
  A slime creature (D:12)
  A yak (D:8)
  A boggart (Lair:5)
  An orc wizard (D:9)
  An orc (Orc:2)
  2 demonic plants (D:6)
  42 foxfires
  28 fungi
  80 plants
159 creatures vanquished.

Grand Total: 869 creatures vanquished

Notes
Turn   | Place    | Note
-------+----------+-------------------------------------------
     0 | D:1      | concernfroge the Mummy Monk began the quest for the Orb.
     0 | D:1      | Reached XP level 1. HP: 18/18 MP: 1/1
   182 | D:1      | Reached XP level 2. HP: 19/24 MP: 2/2
   755 | D:1      | Gained mutation: You are in touch with the powers of death.
                  | [Mummy growth]
   755 | D:1      | Reached XP level 3. HP: 30/30 MP: 3/3
  2125 | D:2      | Reached XP level 4. HP: 15/38 MP: 2/4
  2334 | D:3      | Reached skill level 5 in Fighting
  2492 | D:3      | Found a faded altar of an unknown god.
  3338 | D:3      | Reached XP level 5. HP: 40/46 MP: 5/5
  3743 | D:4      | Noticed Robin
  4014 | D:4      | Found an ornate altar of the Wu Jian Council.
  4138 | D:4      | Killed Robin
  4720 | D:5      | Entered Level 5 of the Dungeon
  4914 | D:5      | Noticed a phantom
  4925 | D:5      | Noticed Grinder
  4927 | D:5      | Killed a phantom
  4928 | D:5      | Reached XP level 6. HP: 46/55 MP: 4/6
  5380 | D:5      | Noticed an ice beast
  5387 | D:5      | Killed an ice beast
  5388 | D:5      | Reached XP level 7. HP: 50/62 MP: 7/7
  5409 | D:5      | Paralysed by Grinder for 2 turns
  5427 | D:5      | Paralysed by Grinder for 5 turns
  5442 | D:5      | Killed Grinder
  5603 | D:5      | Noticed Sigmund
  5607 | D:5      | Noticed Pikel
  6191 | D:6      | Reached skill level 10 in Fighting
  6191 | D:6      | Reached XP level 8. HP: 61/72 MP: 8/8
  6332 | D:6      | Reached skill level 1 in Maces & Flails
  6376 | D:6      | Reached skill level 2 in Maces & Flails
  6866 | D:6      | Reached skill level 3 in Maces & Flails
  7042 | D:7      | Found a staircase to the Ecumenical Temple.
  7060 | D:7      | Reached skill level 4 in Maces & Flails
  7068 | Temple   | Entered the Ecumenical Temple
  7120 | Temple   | Became a worshipper of Gozag Ym Sagoz the Greedy
  7604 | D:7      | Reached skill level 5 in Maces & Flails
  7994 | D:7      | Reached XP level 9. HP: 78/78 MP: 9/9
  8308 | D:8      | Reached skill level 6 in Maces & Flails
  8590 | D:8      | Reached skill level 7 in Maces & Flails
  8967 | D:8      | Reached skill level 8 in Maces & Flails
  9105 | D:8      | Found Voeschua's Antique Weapon Shop.
  9762 | D:5      | Killed Sigmund
  9932 | D:5      | Killed Pikel
  9933 | D:5      | Reached skill level 9 in Maces & Flails
  9933 | D:5      | Reached XP level 10. HP: 68/85 MP: 8/10
 10658 | D:9      | Noticed a two-headed ogre
 10833 | D:10     | Entered Level 10 of the Dungeon
 11196 | D:10     | Noticed Snorg
 11214 | D:11     | Noticed Grum
 11311 | D:12     | Noticed a gargoyle
 11363 | D:12     | Killed a gargoyle
 11477 | D:12     | Reached skill level 10 in Maces & Flails
 11640 | D:12     | Noticed a manticore
 12147 | D:12     | Reached skill level 11 in Maces & Flails
 12668 | D:12     | Found a staircase to the Orcish Mines.
 12719 | D:12     | Noticed a two-headed ogre
 12720 | D:12     | Noticed a faun
 12720 | D:12     | a two-headed ogre changed into a faun
 12732 | D:12     | Killed a faun
 12927 | D:12     | Found a hazy altar of Hepliaklqana.
 13065 | D:11     | Reached XP level 11. HP: 69/90 MP: 7/11
 13085 | D:11     | Reached skill level 12 in Maces & Flails
 13365 | D:11     | HP: 4/90 [komodo dragon (12)]
 13711 | D:11     | Found Uloenoirchy's Assorted Antiques.
 13769 | D:11     | Killed Grum
 13886 | D:11     | Found a staircase to the Lair.
 14155 | D:11     | Noticed a two-headed ogre
 14187 | Lair:1   | Entered Level 1 of the Lair of Beasts
 14395 | Lair:1   | Reached skill level 13 in Maces & Flails
 16047 | Lair:2   | Reached skill level 14 in Maces & Flails
 16095 | Lair:2   | Identified the ring of Beqoaf {*Corrode rN+ Int+7 SInv}
 16414 | Lair:2   | Noticed a five-headed hydra
 16422 | Lair:2   | Killed a five-headed hydra
 16687 | Lair:2   | Reached XP level 12. HP: 93/97 MP: 10/12
 16741 | Lair:2   | Found a staircase to the Swamp.
 16943 | Lair:2   | Reached skill level 5 in Dodging
 17222 | Lair:2   | Found a hole to the Spider Nest.
 17228 | Lair:2   | HP: 3/97 [disintegration (36)]
 17890 | Lair:3   | Noticed an eight-headed hydra
 17899 | Lair:3   | Killed an eight-headed hydra
 17900 | Lair:3   | Reached skill level 1 in Ranged Weapons
 19096 | Lair:3   | Noticed a five-headed hydra
 19107 | Lair:3   | Killed a five-headed hydra
 19361 | Lair:3   | You fall into a shaft and drop 1 floor!
 19425 | Lair:4   | Noticed a five-headed hydra
 19443 | Lair:4   | Killed a five-headed hydra
 19444 | Lair:4   | Reached skill level 5 in Ranged Weapons
 20260 | Lair:4   | Noticed a six-headed hydra
 20267 | Lair:4   | Killed a six-headed hydra
 20926 | Lair:4   | Gained mutation: You are strongly in touch with the powers
                  | of death. [Mummy growth]
 20926 | Lair:4   | Reached XP level 13. HP: 101/103 MP: 13/13
 21093 | Lair:5   | Entered Level 5 of the Lair of Beasts
 22131 | Lair:5   | Found a viscous altar of Jiyva.
 22132 | Lair:5   | Found a staircase to the Slime Pits.
 22809 | Lair:5   | Reached skill level 10 in Ranged Weapons
 25831 | D:10     | Found a hazy altar of Hepliaklqana.
 26100 | D:10     | Killed Snorg
 26658 | D:9      | Found an iron altar of Okawaru.
 26658 | D:9      | Found a stormy altar of Qazlal.
 27019 | D:9      | Reached XP level 14. HP: 107/110 MP: 14/14
 27568 | Orc:1    | Entered Level 1 of the Orcish Mines
 28472 | Orc:1    | You fall into a shaft and drop 1 floor!
 28472 | Orc:2    | Entered Level 2 of the Orcish Mines
 28472 | Orc:2    | Found Makolec's Weapon Shoppe.
 28472 | Orc:2    | Found Goaggia's Antique Weapon Shop.
 28479 | Orc:2    | Reached skill level 10 in Dodging
 29804 | Orc:2    | Found Eczif's Armour Shop.
 29804 | Orc:2    | Found Dabrel's Assorted Antiques.
 29830 | Orc:2    | Bought a scroll labelled GUDOMP UTEO for 27 gold pieces
 30419 | Orc:2    | Found a staircase to the Elven Halls.
 31226 | D:13     | Noticed Frances
 31249 | D:13     | Found a gate to the Vaults.
 32673 | D:13     | Reached skill level 5 in Throwing
 32673 | D:13     | Reached skill level 5 in Evocations
 32693 | D:13     | Identified the ring "Yqirunuz" {Contam rPois rN+ Int+8}
 34934 | D:15     | Entered Level 15 of the Dungeon
 35553 | D:14     | Reached XP level 15. HP: 60/115 MP: 8/15
 37612 | D:15     | Found a staircase to the Depths.
 38500 | Swamp:1  | Entered Level 1 of the Swamp
 38674 | D:8      | Bought a runed morningstar for 182 gold pieces
 38868 | Swamp:1  | Reached skill level 1 in Shields
 39171 | Swamp:1  | Noticed Josephine
 39186 | Swamp:1  | Killed Josephine
 39574 | Swamp:1  | Noticed a fenstrider witch
 39789 | Orc:2    | Bought a +2 chain mail of willpower for 279 gold pieces
 40009 | Swamp:1  | Killed a fenstrider witch
 40573 | Swamp:1  | Reached skill level 5 in Shields
 41350 | Swamp:3  | Noticed Bai Suzhen
 42054 | Swamp:3  | Noticed Aizul
 42234 | Spider:1 | Entered Level 1 of the Spider Nest
 42350 | Spider:1 | Noticed an emperor scorpion
 42361 | Lair:2   | an emperor scorpion changed into a great orb of eyes
 42362 | Lair:2   | HP: 2/115 [burnt (7)]
 42362 | Lair:2   | Killed from afar by a sun moth

Illustrated notes

Levels and vault maps discovered:
D:1:      lemuel_arrival_tunnels, layout_loops_ring
D:2:      layout_loops_ring, hangedman_decor_slide_cut,
          chequers_serial_rivers_micro_b, grunt_ministairs_7,
          minmay_goblin_outpost
D:3:      layout_basic, shapermc_ecumenical_altar_petra, serial_corexii_hall,
          corexii_hall_statues_x, chequers_hall_statues_corner_a,
          serial_park_tiny_2
D:4:      layout_loops_ring, lemuel_tele_altar, dk_vineyard_2, st_stairs_8,
          uniq_robin
D:5:      layout_gridville, lightli_sewer_entry_pipes, uniq_pikel, uniq_grinder,
          uniq_sigmund
D:6:      layout_rooms, serial_demonic, serial_demonic_f, serial_demonic_b,
          serial_demonic_e, serial_demonic_a
D:7:      layout_basic, minmay_temple_entry_statues_fountains, item_on_display_a
D:8:      layout_loops_ring, serial_shops, nicolae_shop_advertising_works
          [nicolae_subvault_shop_adworks], nicolae_titane
D:9:      minmay_opposing_rooms, layout_loops_ring,
          nicolae_overflow_two_pavilions
D:10:     layout_roguey [special_room_orc], nicolae_overflow_hidden_temple,
          serial_rivers, chequers_serial_rivers_micro_a,
          chequers_serial_rivers_small_b, chequers_serial_rivers_small_b,
          chequers_serial_rivers_small_3, chequers_serial_rivers_micro_e,
          uniq_snorg
D:11:     layout_basic, minmay_lair_entry_grove, serial_shops,
          nicolae_shop_hallway_plus, serial_bayou_lagoon_b, uniq_grum
D:12:     layout_rooms, zombieorc1_lemuel,
          nicolae_hepliaklqana_monster_ancestors
D:13:     layout_basic, erik_vaults_2, uniq_frances
D:14:     layout_stronghold, wad_floor_pattern_1
D:15:     gammafunk_enter_depths_forms, layout_loops_ring,
          grunt_decor_arrowhead, serial_glass, glass_columns_a, glass_columns_b
Temple:   sentei_temple_godly_chess
Lair:1:   layout_cave_shapes, dreamdust_gnoll_shepherd, grunt_megastairs_2
Lair:2:   hellmonk_destroyed_diamonds, layout_gridlike,
          minmay_swamp_entry_swarm, nicolae_spider_entry_orb_guardian
Lair:3:   layout_loops_ring
Lair:4:   layout_concentric_octagons, lemuel_fruit_tree, grunt_megastairs_5
Lair:5:   minmay_lair_end_enchanted_forest, layout_regular_city, slime_entry_1,
          infiniplex_staircase_pool, serial_bayou_shore_b
Swamp:1:  layout_basic_swamp, nicolae_swamp_dense_foliage, uniq_josephine
Swamp:2:  layout_falls_marsh, evilmike_swamp_ruin_house_6,
          infiniplex_staircase_pool_2
Swamp:3:  layout_basic_swamp, nicolae_swamp_some_circles, swamp_pool1,
          uniq_donald, uniq_aizul, uniq_bai_suzhen
Spider:1: nicolae_spider_hilbert_zone_4 [nicolae_spider_hilbert_4_sides_2_open,
          nicolae_spider_hilbert_4_sides_1_open,
          nicolae_spider_hilbert_4_sides_1_open,
          nicolae_spider_hilbert_4_sides_1_open,
          nicolae_spider_hilbert_4_sides_1_open,
          nicolae_spider_hilbert_2_sides_1_open,
          nicolae_spider_hilbert_2_sides_1_open,
          nicolae_spider_hilbert_2_sides_1_open,
          nicolae_spider_hilbert_2_sides_1_open,
          nicolae_spider_hilbert_6_sides_1_open,
          nicolae_spider_hilbert_6_sides_1_open,
          nicolae_spider_hilbert_3_sides_1_open,
          nicolae_spider_hilbert_3_sides_1_open]
Orc:1:    layout_diamond_mine, nicolae_orc_lost_temple
Orc:2:    grunt_orc_tribal_feast, layout_diamond_mine, mines3_lemuel

Skill      XL: |  1  2  3  4  5  6  7  8  9 10 11 12 13 14 15 |
---------------+----------------------------------------------+-----
Fighting       | 4 5 7 8 10 | 10.0
Maces & Flails | 5 9 11 14 | 14.0
Dodging        | 4 6 9 10 | 10.0
Ranged Weapons | 7 10 | 10.0
Throwing       | 6 7 |  7.4
Evocations     | 6 7 |  7.4
Shields        | 7 |  7.1
Polearms       | |  2.4
Stealth        | |  1.5

Action                   |  1- 3 |  4- 6 |  7- 9 | 10-12 | 13-15 || total
-------------------------+-------+-------+-------+-------+-------++-------
Melee: Spear             |   154 |    27 |       |       |       ||   181
       Punch             |     1 |     2 |     2 |     5 |       ||    10
       Whip              |       |   151 |   331 |   233 |       ||   715
       Dire flail        |       |       |       |   560 |  1541 ||  2101
       Morningstar       |       |       |       |       |   421 ||   421
 Fire: Triple crossbow   |       |       |       |    38 |    93 ||   131
Throw: Boomerang         |       |     9 |     8 |    41 |    64 ||   122
       Dart              |       |     5 |    16 |    63 |    67 ||   151
       Throwing net      |       |       |     2 |       |       ||     2
Invok: Potion Petition   |       |       |       |     3 |    13 ||    16
Evoke: Wand              |       |       |     2 |    22 |    32 ||    56
       Lightning rod     |       |       |       |       |     4 ||     4
  Use: Scroll            |       |     1 |    14 |    19 |    16 ||    50
 Stab: Sleeping          |    10 |     2 |     2 |       |       ||    14
       Distracted        |       |     1 |     1 |     2 |     8 ||    12
Armor: Robe              |    23 |       |       |       |       ||    23
       Leather armour    |     9 |    71 |    48 |       |       ||   128
       Plate armour      |       |       |    58 |    71 |       ||   129
       Scale mail        |       |       |       |   240 |   577 ||   817
       Chain mail        |       |       |       |       |   102 ||   102
Dodge: Dodged            |    63 |   123 |   171 |   328 |   996 ||  1681
Block: Kite shield       |       |       |       |       |   199 ||   199
